 Dungeon Crawl Stone Soup version 0.32-a0-128-g77eb882913 (webtiles) character file.

Game seed: 2651684122595810852

698 Dittersdorf the Covered (level 7, -1/44 HPs)
             Began as a Gargoyle Fighter on Feb 7, 2024.
             Slain by an orc
             ... wielding a +0 flail
              (7 damage)
             ... on level 5 of the Dungeon.
             The game lasted 00:07:55 (4217 turns).

Dittersdorf the Covered (Gargoyle Fighter)          Turns: 4217, Time: 00:07:56

Health: -1/44      AC: 14    Str: 22    XL:     7   Next: 65%
Magic:  7/7        EV:  9    Int:  8    God:
Gold:   224        SH:  5    Dex:  9    Spells: 6/6 levels left

rFire   . . .        a - +1 flail
rCold   . . .        c - +0 buckler
rNeg    + . .        b - +0 scale mail
rPois   ∞            m - +0 helmet
rElec   +            (no cloak)
rCorr   .            f - +0 pair of gloves
SInv    .            (no boots)
Will    .....        (no amulet) Stlth
                     (no ring)
HPRegen 0.27/turn    (no ring)
MPRegen 0.10/turn

%: no passive effects
@: no status effects
A: sickness immunity, AC +4, negative energy resistance 1, electricity
resistance, torment resistance 1, petrification resistance
a: no special abilities


You were on level 5 of the Dungeon.
You visited 1 branch of the dungeon, and saw 5 of its levels.

You collected 224 gold pieces.

Inventory:

Hand Weapons
 a - a +1 flail (weapon)
Missiles
 o - a throwing net (quivered)
Armour
 b - a +0 scale mail (worn)
 c - a +0 buckler (worn)
 f - a +0 pair of gloves (worn)
 l - a +0 plate armour
 m - a +0 helmet (worn)
Scrolls
 e - a scroll of enchant weapon
 i - a scroll of immolation
 j - a scroll of vulnerability {unknown}
 k - 6 scrolls of identify {unknown}
 p - a scroll of revelation {unknown}
 r - a scroll of fog {unknown}
 s - a scroll of teleportation {unknown}
Potions
 d - a potion of might
 h - 2 potions of resistance {unknown}
 n - a potion of heal wounds {unknown}
 q - 2 potions of cancellation {unknown}
 t - a potion of degeneration {unknown}
 u - a potion of curing {unknown}


   Skills:
 + Level 5.5 Fighting
 + Level 4.4 Maces & Flails
 + Level 5.5 Armour
 + Level 5.4 Shields


You had 6 spell levels left.
You didn't know any spells.
Your spell library contained the following spells:

 Spells                   Type           Power      Damage    Failure   Level
 Kiss of Death            Conj/Necr      0%         2d5       78%         1
 Shock                    Conj/Air       0%         1d3       78%         1
 Inner Flame              Hex/Fire       0%         N/A       98%         3
 Swiftness                Air            0%         N/A       98%         3
 Airstrike                Air            0%         2d(0-16)  100%        4
 Irradiate                Conj/Alch      0%         3d11      100%        5
 Ignition                 Fire           0%         3d3       100%        8


Dungeon Overview and Level Annotations

Branches:
Dungeon (5/15)
 Temple: D:4-7

Altars:
Sif Muna
Trog

Annotations:
D:4 2 transporters, Gryn's ghost, amateur DgHu


Innate Abilities, Weirdness & Mutations

You are immune to sickness and miasma.
Your stone body is resilient. (AC +4)
You are immune to poison.
You resist negative energy. (rN+)
You are resistant to electric shocks. (rElec)
You are resistant to unholy torment.
You are immune to petrification.


Message History

You are too injured to fight recklessly!
You are too injured to fight recklessly!
You are too injured to fight recklessly!
You are too injured to fight recklessly!
You are too injured to fight recklessly!
You are too injured to fight recklessly!
You are too injured to fight recklessly!
You are too injured to fight recklessly!
You are too injured to fight recklessly!
You are too injured to fight recklessly!
You are too injured to fight recklessly!
You are too injured to fight recklessly!
You are too injured to fight recklessly!
You completely miss the orc priest.
The orc priest hits you but does no damage.
You block the orc's attack.
The orc priest hits you but does no damage.
You sock the orc priest!
The orc priest is severely wounded.
The orc barely misses you. You block the orc priest's attack.
You barely miss the orc priest.
The orc priest is severely wounded.
The orc barely misses you.
The orc priest invokes the aid of Beogh against you.
Beogh smites you!
* * * LOW HITPOINT WARNING * * *
You hit the orc priest.
The orc priest is almost dead.
The orc barely misses you.
The orc priest hits you but does no damage.
You closely miss the orc priest.
The orc priest is almost dead.
The orc hits you with a +0 flail.
* * * LOW HITPOINT WARNING * * *
The orc priest invokes the aid of Beogh against you.
You struggle to resist.
You sock the orc priest!
You kill the orc priest!
The orc hits you with a +0 flail!
You die...

#.....# ##.....#
#......#
.#######......#
..............#
..$.......$.).##
.........).....#
............$..#
......o@.)..<..#
......)....)...#
...............#
...............#
.<............##
.......#.....##
.###.#.###.###
#.#. #.#


You could see an orc.

Vanquished Creatures
  2 black bears
  A phantom (D:4)
  A bombardier beetle (D:4)
  2 orc priests
  2 gnoll boudas
  An iguana (D:4)
  An orc wizard (D:3)
  Robin (D:2)
  14 gnolls
  2 adders (D:3)
  A white imp (D:3)
  3 dart slugs
  2 ribbon worms
  6 orcs
  8 ball pythons
  5 endoplasms
  A giant cockroach (D:1)
  7 hobgoblins
  12 jackals
  5 kobolds
  6 quokkas
  4 bats
  2 frilled lizards
  9 goblins
  8 rats
106 creatures vanquished.

Notes
Turn   | Place    | Note
-------+----------+-------------------------------------------
     0 | D:1      | Dittersdorf the Gargoyle Fighter began the quest for the
                  | Orb.
     0 | D:1      | Reached XP level 1. HP: 14/14 MP: 1/1
    33 | D:1      | Reached XP level 2. HP: 9/19 MP: 2/2
   128 | D:1      | Found a faded altar of an unknown god.
   218 | D:1      | Reached XP level 3. HP: 13/23 MP: 3/3
  1034 | D:2      | Noticed Robin
  1041 | D:2      | Reached XP level 4. HP: 29/29 MP: 4/4
  1046 | D:2      | Killed Robin
  1345 | D:2      | Noticed a black bear
  1354 | D:2      | Killed a black bear
  1355 | D:2      | Reached XP level 5. HP: 31/34 MP: 5/5
  1964 | D:3      | Found a bloodstained altar of Trog.
  2011 | D:3      | Found a shimmering blue altar of Sif Muna.
  2107 | D:3      | Got Sif Muna's Cyclopedia of the Crypt
  2128 | D:3      | Noticed a black bear
  2143 | D:3      | Killed a black bear
  2144 | D:3      | Reached XP level 6. HP: 19/39 MP: 6/6
  3062 | D:4      | Reached skill level 5 in Armour
  3134 | D:4      | Identified the +1 robe "Jihou" {Dex+2 Stlth- Archmagi}
  3161 | D:4      | Reached skill level 5 in Fighting
  3161 | D:4      | Reached skill level 5 in Shields
  3161 | D:4      | Reached XP level 7. HP: 17/44 MP: 7/7
  3306 | D:4      | Identified the +0 dire flail of Zargh {spect, rElec rPois
                  | Str-4 Int+3}
  3307 | D:4      | Noticed Gryn's ghost (amateur DgHu)
  3309 | D:4      | Found a transporter.
  3311 | D:4      | Found a transporter.
  4016 | D:5      | Entered Level 5 of the Dungeon
  4217 | D:5      | Slain by an orc

Illustrated notes

Levels and vault maps discovered:
D:1:      beargit_arrival_greenhouse, layout_rooms,
          hellmonk_ecumenical_altar_blasted, chequers_serial_rivers_micro_c
D:2:      layout_basic, serial_forest, infiniplex_forest_straight_3,
          infiniplex_forest_lined_room_2, infiniplex_forest_clump_large,
          infiniplex_forest_clump_tiny, infiniplex_forest_lined_room_2,
          infiniplex_forest_end_double, infiniplex_forest_straight_5,
          infiniplex_forest_straight_3, uniq_robin
D:3:      layout_basic, nzn_overflow_gifts_of_might_and_magic
D:4:      layout_rooms, gammafunk_ghost_smash, serial_bayou_lake_a
D:5:      layout_rooms, minmay_misc_feat_x, grunt_decor_mini_mirrors,
          kennysheep_small_square

Skill      XL: |  1  2  3  4  5  6 |
---------------+-------------------+-----
Armour         | 4 5 |  5.5
Fighting       | 4 5 |  5.5
Maces & Flails | 3 4 |  4.4
Shields        | 4 5 |  5.4

Action                     |  1- 3 |  4- 6 |  7- 9 || total
---------------------------+-------+-------+-------++-------
  Melee: Flail             |   174 |    23 |    26 ||   223
         Mace              |       |   110 |    81 ||   191
    Use: Scroll            |       |       |     1 ||     1
 Armour: Scale mail        |   156 |   114 |   129 ||   399
  Dodge: Dodged            |   144 |    78 |    59 ||   281
  Block: Buckler           |    52 |    28 |    34 ||   114

Table legend: (Time is in decaauts)
 A = Elapsed time spent in this place.
 B = Non-inter-level travel time spent in this place.
 C = Inter-level travel time spent in this place.
 D = Time resting spent in this place.
 E = Time spent auto-exploring this place.
 F = Levels seen in this place.
 G = Mean time per level.
                   A        B        C        D        E       F      G
               +--------+--------+--------+--------+--------+-----+--------+
         Total |   4364 |   4275 |     89 |    846 |   2497 |   5 |  872.8 |
       Dungeon |   4364 |   4275 |     89 |    846 |   2497 |   5 |  872.8 |
               +--------+--------+--------+--------+--------+-----+--------+

Top non-repeatable levels by time:
     D:3: 1445 daAuts
     D:2: 1260 daAuts
     D:4: 952 daAuts
     D:1: 665 daAuts
     D:5: 40 daAuts
